 Dungeon Crawl Stone Soup version 0.17-a0-1181-gabc46e6 (webtiles) character file.

27 Hanyuu the Insei (level 3, 0/23 HPs)
             Began as an Octopode Transmuter on May 31, 2015.
             Slain by a kobold
             ... wielding a +0 dagger
              (3 damage)
             ... on level 2 of the Dungeon.
             The game lasted 00:02:32 (1294 turns).

Hanyuu the Insei (Octopode Transmuter)              Turns: 1294, Time: 00:02:32

Health: 0/23       AC:  2    Str:  9    XL:     3   Next: 10%
Magic:  3/6        EV: 19    Int: 16    God:
Gold:   39         SH:  0    Dex: 17    Spells: 3 memorised, 0 levels left

rFire  . . .     SeeInvis .       - Unarmed
rCold  . . .     Clarity  .     (shield currently unavailable)
rNeg   . . .     SustAt   .     (helmet currently unavailable)
rPois  x         Gourm    .     (no amulet)
rElec  .         Spirit   .     (no ring)
rCorr  .         Warding  .     (no ring)
rMut   .         Stasis   .     (no ring)
MR     .....                    (no ring)
Stlth  ++........               (no ring)
                                (no ring)
                                (no ring)
                                (no ring)

@: spider-form, not resistant to hostile enchantments, unstealthy
A: almost no armour, amphibious, 8 rings, (constrict 8), (camouflage 0),
(gelatinous body 0)
a: End Transformation


You were on level 2 of the Dungeon.
You were not hungry.
You were a venomous arachnid creature.
You visited 1 branch of the dungeon, and saw 2 of its levels.

You collected 39 gold pieces.

Inventory:

Missiles
 a - 12 arrows
 f - 9 arrows of flame
Scrolls
 e - a scroll of enchant weapon {unknown}
 g - 2 scrolls of identify {unknown}
 i - 3 scrolls of teleportation {unknown}
 j - 3 scrolls of remove curse {unknown}
 l - a scroll of amnesia {unknown}
 m - 2 scrolls of fog {unknown}
Potions
 d - a potion of agility {unknown}
 k - a potion of might {unknown}
Books
 b - a book of Changes

   Spells                             Type                      Level
   a - Beastly Appendage              Transmutation                1
   b - Sticks to Snakes               Transmutation                2
   c - Spider Form                    Transmutation/Poison         3
   d - Ice Form                       Ice/Transmutation            4
   e - Blade Hands                    Transmutation                5
Comestibles
 c - a bread ration
 h - 2 beef jerkies
 n - 5 fruits


   Skills:
 - Level 1.0 Fighting
 - Level 2.0 Dodging
 * Level 4.1 Unarmed Combat
 - Level 2.0 Spellcasting
 + Level 2.0 Transmutations


You couldn't memorise any spells.
You knew the following spells:

 Your Spells              Type           Power        Failure   Level  Hunger
a - Beastly Appendage     Trmt           #.....       24%         1    #......
b - Sticks to Snakes      Trmt           #.........   32%         2    ###....
c - Spider Form           Trmt/Pois      #.........   61%         3    ###....


Dungeon Overview and Level Annotations

Branches:
Dungeon (2/15)

Altars:
Fedhas
Okawaru


Innate Abilities, Weirdness & Mutations

You cannot wear most types of armour.
You are amphibious.
You can wear up to eight rings at the same time.
((You can use your tentacles to constrict eight enemies at once.))
((Your skin changes colour to match your surroundings (Stealth).))
((Your rubbery body absorbs attacks (AC +1).))


Message History

You constrict the worm. The kobold closely misses you.
The worm barely misses you.
You tentacle-slap the worm.
The worm is heavily wounded.
You constrict the worm. The rat barely misses you.
The kobold hits you with a dagger.
You tentacle-slap the worm.
The worm is severely wounded.
You constrict the worm. The rat bites you. The kobold closely misses you.
The worm bites you!
* * * LOW HITPOINT WARNING * * *
You release your grip on the worm.
The kobold closely misses you.
You see here 12 gold pieces.
There is a stone staircase leading down here.
Casting: Beastly Appendage
Confirm with . or Enter, or press ? or * to list all spells.
You turn into a venomous arachnid creature.
The kobold hits you with a dagger.
You die...

# #$# #..#####
♣♣♣♣♣.. #. #.# #
#......# ♣♣..
#.# #.# .#
##.###.#♣♣♣♣♣...
# #.##.##. #.#
#..........
..###..... #.#
###########
#.......# #.#
...#.....# #.#
#.......######.#
####...wr$Ks...#
.......#########
########


You could see a worm, a kobold and a rat.

Vanquished Creatures
  A giant cockroach (D:2)
  2 goblins
  3 hobgoblins
  7 kobolds
  A quokka (D:2)
  7 bats
  2 giant newts
  3 rats (D:1)
26 creatures vanquished.

Notes
Turn   | Place    | Note
--------------------------------------------------------------
     0 | D:1      | Hanyuu the Octopode Transmuter began the quest for the Orb.
     0 | D:1      | Reached XP level 1. HP: 13/13 MP: 3/3
   198 | D:1      | Reached XP level 2. HP: 15/18 MP: 3/5
   744 | D:2      | Found an iron altar of Okawaru.
   814 | D:2      | Reached skill level 4 in Unarmed Combat
   905 | D:2      | Reached XP level 3. HP: 14/23 MP: 6/6
   909 | D:2      | Learned a level 2 spell: Sticks to Snakes
   913 | D:2      | Learned a level 3 spell: Spider Form
  1234 | D:2      | Found a blossoming altar of Fedhas.
  1294 | D:2      | Slain by a kobold

Vault maps used:
D:1:      shiori_arrival_maze, minmay_misc_feat_five
D:2:      okawaru_ov_weapons_minmay, fedhas_altar_fruit_tree

Action                   || total
-------------------------++-------
Melee: Unarmed           ||    61
 Cast: Beastly Appendage ||     2
       Spider Form       ||     1
 Stab: Sleeping          ||     6
  Eat: Chunk             ||     1
